 Dungeon Crawl Stone Soup version 0.29-a0-834-g1e95ca9f62 (webtiles) character file.

Game seed: 18271437810136262214

24 blackman the Insei (level 3, 28/28 HPs)
             Began as a Human Monk on July 12, 2022.
             Was a Follower of Ru.
             Quit the game on level 1 of the Dungeon.
             The game lasted 00:01:43 (916 turns).

blackman the Insei (Human Monk)                      Turns: 916, Time: 00:01:44

Health: 28/28      AC:  2    Str: 13    XL:     3   Next: 15%
Magic:  3/3        EV: 12    Int: 10    God:    Ru [*.....]
Gold:   30         SH:  0    Dex: 15    Spells: 2/2 levels left

rFire   . . .      SeeInvis .     - Unarmed
rCold   . . .      Faith    .   (no shield)
rNeg    . . .      Spirit   .   a - +0 robe
rPois   .          Reflect  .   (no helmet)
rElec   .          Harm     .   (no cloak)
rCorr   .          Rampage  .   (no gloves)
Will    .....                   (no boots)
Stlth   ++........              (no amulet)
HPRegen 0.09/turn               (no ring)
MPRegen 0.08/turn               (no ring)

@: no status effects
A: unskilled 1
a: Renounce Religion


You were on level 1 of the Dungeon.
You worshipped Ru.
Ru was aware of your devotion.
You visited 1 branch of the dungeon, and saw 1 of its levels.

You collected 30 gold pieces.

Inventory:

Armour
 a - a +0 robe (worn)
Scrolls
 d - a scroll of identify {unknown}
 e - a scroll of vulnerability {unknown}
Potions
 b - a potion of ambrosia
 c - a potion of curing {unknown}


   Skills:
 - Level 2.6 Fighting
 - Level 2.6 Dodging
 - Level 1.7 Stealth
 + Level 3.7 Unarmed Combat


You had 2 spell levels left.
You didn't know any spells.
Your spell library was empty.

Dungeon Overview and Level Annotations

Branches:
Dungeon (1/15)

Altars:
Ru


Innate Abilities, Weirdness & Mutations

You are somewhat unskilled. (-1 Apt)


Message History

No target in view!
No target in view!
No target in view!
No target in view!
There is a stone staircase leading down here.
You now have 30 gold pieces (gained 7).
Key pressed, stopping explore.
Key pressed, stopping explore.
Key pressed, stopping explore.
Key pressed, stopping explore.
A kobold comes into view. It is wielding a +0 short sword.
A kobold is nearby!
A kobold is nearby!
A kobold is nearby!
A bat comes into view.
You punch the kobold!
You kill the kobold!
No target in view!
No target in view!
No target in view!
No target in view!
No target in view!
No target in view!
Your library has no spells.
Your library has no spells.
Unknown command.
No target in view!
No target in view!
No target in view!
No target in view!
No target in view!
No target in view!
No target in view!
No target in view!
No target in view!
No target in view!
No target in view!
Are you sure you want to abandon this character and quit the game? (Confirm with "yes".)
Okay, then.
Are you sure you want to abandon this character and quit the game? (Confirm with "yes".)

....###
#...............
....... ...
+..........>....
...##### ..
#...............
......≈# ###.#
#........##.####
.......# ....
#####.......# .......#
###..## #..#.##.#
.......# #.....#
#..#.##.#### ≈≈.....#
+.....#####...........
..≈....#
#...)@.......#.####...
<.≈....#
#......#####.#.# #.##
..≈....# #.......#
#.#.# #.# ≈≈.....#
#.....#.# #.#.# #.#
.......# #.....#.#
#.#.# #.## .......#
.......#.# #.#.####.#.
.......# #.......#b.
#.#........ ......≈#
#....#####. #.### ###.
...##### #.


There were no monsters in sight!

Vanquished Creatures
  A dart slug (D:1)
  A bat (D:1)
  2 giant cockroaches (D:1)
  3 goblins (D:1)
  2 hobgoblins (D:1)
  3 kobolds (D:1)
  A quokka (D:1)
  4 ball pythons (D:1)
  A frilled lizard (D:1)
  3 rats (D:1)
21 creatures vanquished.

Notes
Turn   | Place    | Note
-------+----------+-------------------------------------------
     0 | D:1      | blackman the Human Monk began the quest for the Orb.
     0 | D:1      | Reached XP level 1. HP: 18/18 MP: 1/1
    76 | D:1      | Found a faded altar of an unknown god.
    86 | D:1      | Prayed at the altar of an unknown god.
    86 | D:1      | Became a worshipper of Ru the Awakened
   107 | D:1      | Gained mutation: You are somewhat unskilled. (-1 Apt) [Ru
                  | sacrifice]
   107 | D:1      | Reduced skill Stealth to level 1
   107 | D:1      | Reached * piety under Ru
   220 | D:1      | Reached XP level 2. HP: 16/23 MP: 2/2
   786 | D:1      | Reached XP level 3. HP: 19/28 MP: 3/3
   916 | D:1      | Quit the game

Illustrated notes

Levels and vault maps discovered:
D:1:      enne_arrival_octagon_isle, layout_basic, basic_ecumenical_altar

Skill      XL: |  1 |
---------------+----+-----
Fighting       | 2 |  2.6
Dodging        | 2 |  2.6
Stealth        | 1 |  1.7
Unarmed Combat | |  3.7

Action                   || total
-------------------------++-------
Melee: Unarmed           ||    62
       Punch             ||     1
Invok: Sacrifice Skill   ||     1
 Stab: Sleeping          ||     2
Armor: Robe              ||     5
Dodge: Dodged            ||    32

Table legend: (Time is in decaauts)
 A = Elapsed time spent in this place.
 B = Non-inter-level travel time spent in this place.
 C = Inter-level travel time spent in this place.
 D = Time resting spent in this place.
 E = Time spent auto-exploring this place.
 F = Levels seen in this place.
 G = Mean time per level.
                   A        B        C        D        E       F      G
               +--------+--------+--------+--------+--------+-----+--------+
         Total |    912 |    910 |      2 |      0 |    788 |   1 |  912.0 |
       Dungeon |    912 |    910 |      2 |      0 |    788 |   1 |  912.0 |
               +--------+--------+--------+--------+--------+-----+--------+

Top non-repeatable levels by time:
     D:1: 912 daAuts
